 Dungeon Crawl Stone Soup version 0.15-a0-1004-gbf4e2e6 (console) character file.

76 Kellhus the Ruinous (level 4, 33/33 HPs)
             Began as a Draconian Wizard on May 25, 2014.
             Was an Initiate of Vehumet.
             Quit the game on Level 2 of the Dungeon.
             The game lasted 00:01:56 (1780 turns).

Kellhus the Ruinous (Draconian Wizard)              Turns: 1780, Time: 00:01:56

HP  33/33        AC  5     Str 10      XL: 4   Next: 12%
MP   5/9         EV 12     Int 19      God: Vehumet [......]
Gold 79          SH  0     Dex  9      Spells:  1 memorised,  8 levels left

rFire  . . .     SeeInvis .     (no weapon)
rCold  . . .     Clarity  .     (armour unavailable)
rNeg   . . .     Conserve .     (no shield)
rPois  .         rCorr    .     b - +0 hat
rElec  .         rRot     .     (no cloak)
SustAb .         Spirit   .     (no gloves)
rMut   .         Warding  .     (no boots)
Gourm  .         Stasis   .     (no amulet)
MR     .....                    (no ring)
                                (no ring)

@: very slightly contaminated, not resistant to hostile enchantments, very
unstealthy
A: unfitting armour, cold-blooded, AC +5
a: Renounce Religion


You were on level 2 of the Dungeon.
You worshipped Vehumet.
Vehumet was noncommittal.
You were very hungry.

You visited 1 branch of the dungeon, and saw 2 of its levels.

You collected 79 gold pieces.

Inventory:

Armour
 b - a +0 hat (worn)
Magical devices
 h - a wand of frost (9)
Comestibles
 d - a bread ration
 i - a meat ration
 k - a rotting chunk of quokka flesh
Scrolls
 a - a scroll of teleportation {unknown}
 e - a scroll of blinking {unknown}
 g - a scroll of enchant weapon II {unknown}
Potions
 f - a potion of restore abilities {unknown}
 j - 2 potions of haste {unknown}
 l - a potion of heal wounds {unknown}
 m - 2 potions of might {unknown}
Books
 c - a book of Minor Magic

   Spells                             Type                      Level
   *Magic Dart                        Conjuration                  1
   Blink                              Translocation                2
   Call Imp                           Summoning                    2
   Repel Missiles                     Charms/Air                   2
   Slow                               Hexes                        2
   Conjure Flame                      Conjuration/Fire             3
   Mephitic Cloud                     Conjuration/Poison/Air       3


   Skills:
 - Level 1.7 Dodging
 - Level 1.7 Stealth
 - Level 3.0 Spellcasting
 + Level 4.0 Conjurations
   Level 1.0 Summonings
   Level 1.0 Translocations


You had 8 spell levels left.
You knew the following spells:

 Your Spells              Type           Power        Failure   Level  Hunger
a - Magic Dart            Conj           ###.         3%          1    None


Dungeon Overview and Level Annotations

Branches:
Dungeon (2/15)

Altars:
Vehumet


Innate Abilities, Weirdness & Mutations

Your plain brown scales are hard (AC +5).
Your body does not fit into most forms of armour.
Your cold-blooded metabolism reacts poorly to cold.


Message History

Aim: a jackal You miscast Magic Dart.
You are very lightly contaminated with residual magic.
Your skin tingles.
Casting: Magic Dart
Confirm with . or Enter, or press ? or * to list all spells.
Aiming: Magic Dart
Press: ? - help, Shift-Dir - straight line, f/p - jackal
Aim: a jackal The magic dart hits the jackal.
The jackal is almost dead.
Casting: Magic Dart
Confirm with . or Enter, or press ? or * to list all spells.
Aiming: Magic Dart
Press: ? - help, Shift-Dir - straight line, f/p - jackal
Aim: a jackal (almost dead)
The magic dart hits the jackal.
You kill the jackal!
Vehumet accepts your kill.
Are you sure you want to abandon this character and quit the game? (Confirm with "yes".)

##...........###......
......................
............#.####+#+#
............#..# #
............##.###.#.#
..########...........#
..########$####.##...#
.................# .#
#.########.####.@# #.#
#......# #.# #%#....#
#.# #.#....... #.#
#.##..#### #.# ..# ..#
#.# ... #># #.# ... ##
#.# .


There were no monsters in sight!

Vanquished Creatures
  Jessica (D:2)
  2 adders (D:2)
  A worm (D:1)
  A giant gecko (D:1)
  3 bats
  3 giant cockroaches
  4 goblins (D:2)
  2 hobgoblins
  3 jackals
  5 kobolds
  A quokka (D:2)
  4 giant newts (D:1)
  5 rats (D:1)
35 creatures vanquished.

Notes
Turn   | Place    | Note
--------------------------------------------------------------
     0 | D:1      | Kellhus, the Draconian Wizard, began the quest for the Orb.
     0 | D:1      | Reached XP level 1. HP: 14/14 MP: 4/4
   555 | D:1      | Reached XP level 2. HP: 20/20 MP: 0/6
  1123 | D:2      | Found a radiant altar of Vehumet.
  1125 | D:2      | Reached XP level 3. HP: 15/26 MP: 4/7
  1135 | D:2      | Became a worshipper of Vehumet
  1426 | D:2      | Noticed Jessica
  1429 | D:2      | Killed Jessica
  1710 | D:2      | Reached skill level 4 in Conjurations
  1710 | D:2      | Reached XP level 4. HP: 33/33 MP: 6/9
  1780 | D:2      | Quit the game

Action                   |  1- 3 |  4- 6 || total
-------------------------+-------+-------++-------
Melee: Unarmed           |    36 |       ||    36
 Cast: Magic Dart        |    80 |     4 ||    84
